 Dungeon Crawl Stone Soup version 0.28.0-45-g0d030f2227 (webtiles) character file.

Game seed: 4139747715490960741

71 MisterFreud the Poker (level 4, -1/42 HPs)
             Began as a Naga Fighter on Apr 25, 2022.
             Slain by a gnoll sergeant
             ... wielding a +0 trident of protection
              (6 damage)
             ... on level 3 of the Dungeon.
             The game lasted 00:02:50 (2220 turns).

MisterFreud the Poker (Naga Fighter)                Turns: 2220, Time: 00:02:51

Health: -1/42      AC:  6    Str: 22    XL:     4   Next: 24%
Magic:  4/4        EV:  7    Int:  8    God:
Gold:   50         SH:  4    Dex:  9    Spells: 3/3 levels left

rFire   . . .      SeeInvis +   a - +0 trident (venom)
rCold   . . .      Faith    .   c - +0 buckler
rNeg    . . .      Spirit   .   b - +0 scale mail
rPois   +          Reflect  .   e - +2 hat
rElec   .          Harm     .   (no cloak)
rCorr   .          Rampage  .   (no gloves)
Will    .....                   (no barding)
Stlth   ..........              (no amulet)
HPRegen 0.14/turn               (no ring)
MPRegen 0.09/turn               (no ring)

@: flying, very slow
A: AC +1, large, see invisible, deformed body, poison resistance, slowness 2,
spit poison 1, naga tail 1, stinger 1, clumsy 1, strong 1
a: Spit Poison


You were on level 3 of the Dungeon.
You visited 1 branch of the dungeon, and saw 3 of its levels.

You collected 50 gold pieces.

Inventory:

Hand Weapons
 a - a +0 trident of venom (weapon)
Missiles
 h - 5 poisoned darts
Armour
 b - a +0 scale mail (worn)
 c - a +0 buckler (worn)
 e - a +2 hat (worn)
Jewellery
 j - a ring of wizardry
Potions
 d - a potion of might


   Skills:
 - Level 3.0 Fighting
 + Level 4.4 Polearms
 - Level 2.4 Armour
 - Level 2.4 Shields


You had 3 spell levels left.
You didn't know any spells.
Your spell library contained the following spells:

 Spells                   Type           Power      Damage    Failure   Level
 Freeze                   Ice            0%         1d3       82%         1
 Frozen Ramparts          Ice            0%         1d2       99%         3
 Hailstorm                Conj/Ice       0%         3d3       100%        4


Dungeon Overview and Level Annotations

Branches:
Dungeon (3/15)

Altars:

Annotations:
D:3 Ijyb


Innate Abilities, Weirdness & Mutations

Your serpentine skin is tough. (AC +1)
You have supernaturally acute eyesight. (SInv)
Armour fits poorly on your strangely shaped body.
Your system is resistant to poisons. (rPois)
You cover ground very slowly.
You can spit poison.
You have a snake-like lower body.
Your tail ends in a venomous barb.
You are clumsy. (Dex -2)
Your muscles are strong. (Str +2)


Message History

The gnoll sergeant hits you from afar with a +0 trident of protection!
The quokka closely misses you.
The ball python bites you but does no damage.
You aren't carrying any scrolls.
Unknown command.
The adder closely misses you. The gnoll barely misses you.
The gnoll sergeant hits you from afar with a +0 trident of protection.
The ball python bites you. The adder bites you. The gnoll barely misses you.
The gnoll sergeant hits you from afar with a +0 trident of protection.
* * * LOW HITPOINT WARNING * * *
A quokka comes into view.
The adder bites you but does no damage. The quokka closely misses you.
The gnoll sergeant hits you from afar with a +0 trident of protection!
* * * LOW HITPOINT WARNING * * *
The quokka bites you but does no damage.
You block the adder's attack. You block the adder's attack.
The adder bites you.
* * * LOW HITPOINT WARNING * * *
You feel better.
The quokka bites you but does no damage.
The adder barely misses you. You block the gnoll sergeant's attack.
The quokka barely misses you.
The quokka bites you but does no damage.
It was a potion of mutation.
You feel extremely strange.
You feel clumsy.
A venomous barb forms on the end of your tail.
You feel stronger. You block the adder's attack.
The gnoll sergeant hits you from afar with a +0 trident of protection.
* * * LOW HITPOINT WARNING * * *
The quokka bites you.
* * * LOW HITPOINT WARNING * * *
The quokka bites you but does no damage.
It was a potion of flight.
You feel very buoyant.
You fly up into the air.
The adder closely misses you.
The quokka bites you but does no damage.
You block the quokka's attack.
The gnoll sergeant hits you from afar with a +0 trident of protection.
You die...

#..............
#.........?....# #
#........$.....#
#.#..............#
#................##
...................
#......gJ.......#
#.<.gSS#......#
###..#r@.# #
######g####r####.###
#....gJ...#.........
#.......J.#.........
#.......g....##...##
...>..........# .##
#.###.........# # #
###..###..# ##.#
##.#


You could see a gnoll sergeant, an adder, an endoplasm, 2 quokkas, a goblin and
a ball python.

Vanquished Creatures
  An adder (D:2)
  An adder skeleton (D:2)
  2 worms (D:2)
  2 dart slugs (D:1)
  3 ball pythons
  5 bats
  5 endoplasms
  3 giant cockroaches
  6 goblins
  6 hobgoblins
  8 kobolds
  A quokka (D:3)
43 creatures vanquished.

Notes
Turn   | Place    | Note
-------+----------+-------------------------------------------
     0 | D:1      | MisterFreud the Naga Fighter began the quest for the Orb.
     0 | D:1      | Reached XP level 1. HP: 21/21 MP: 1/1
    39 | D:1      | Reached XP level 2. HP: 28/28 MP: 2/2
   169 | D:1      | Found a faded altar of an unknown god.
   187 | D:1      | Reached skill level 3 in Polearms
   373 | D:1      | Reached XP level 3. HP: 34/34 MP: 3/3
  1344 | D:2      | Reached skill level 4 in Polearms
  1563 | D:2      | Reached XP level 4. HP: 42/42 MP: 4/4
  2205 | D:3      | Noticed Ijyb
  2210 | D:3      | Noticed a gnoll sergeant
  2219 | D:3      | Gained mutation: You are clumsy. (Dex -2) [potion of
                  | mutation]
  2219 | D:3      | Gained mutation: Your tail ends in a venomous barb. [potion
                  | of mutation]
  2219 | D:3      | Gained mutation: Your muscles are strong. (Str +2) [potion
                  | of mutation]
  2220 | D:3      | Slain by a gnoll sergeant

Illustrated notes

Levels and vault maps discovered:
D:1:      nicolae_arrival_washed_ashore, layout_loops_ring,
          ebering_ecumenical_altar_petrified
D:2:      layout_basic, kennysheep_big_empty_room, grunt_decor_fettered
D:3:      layout_rooms, minmay_cupped, uniq_ijyb, uniq_crazy_yiuf_cottage

Skill      XL: |  1  2  3 |
---------------+----------+-----
Polearms       | 3 4 |  4.4
Fighting       | |  3.0
Armour         | |  2.4
Shields        | |  2.4

Action                   |  1- 3 |  4- 6 || total
-------------------------+-------+-------++-------
Melee: Trident           |    76 |    19 ||    95
 Abil: Spit Poison       |    17 |     4 ||    21
  Use: Scroll            |     1 |     3 ||     4
       Potion            |       |     3 ||     3
Armor: Scale mail        |    25 |    23 ||    48
Dodge: Dodged            |    25 |    17 ||    42
Block: Buckler           |    18 |    11 ||    29
